AoeStats
← Navix de los Bosques de Lituania

Arabia

513480171Analyzed
1v1 RM · 3d ago on Oct 13, 2026· 44m 52s· 2 players
Game mode
Random Map
Map size
Tiny (2 player)
Population
200
Speed
Normal
Resources
Standard
Victory
Conquest
Starting age
Dark Age
Ending age
Imperial Age
RankedLock teamsTeams togetherTeam positionsShared explorationLock speedFull tech treeHidden civsTurbo modeCheats
Victory
Defeat
🇪🇸 Romans · Spain
615
+17
vs
627
-17
El Bamba
11:38 Feudal Age
16:10 Forging
16:06 Scale Barding Armor
17:37 Horse Collar
22:14 Castle Age
22:46 Light Cavalry
24:24 Iron Casting
27:02 Stone Mining
27:03 Gold Mining
28:04 Heavy Plow
28:35 Man-at-Arms
29:17 Squires
28:38 Pikeman
29:23 Scale Mail Armor
30:45 Long Swordsman
35:42 Gold Shaft Mining
38:14 Imperial Age
36:22 Wheelbarrow
37:04 Double-Bit Axe
37:56 Town Watch
39:21 Conscription
39:21 Comitatenses
38:26 Legionary
38:27 Halberdier
41:15 Chain Mail Armor
41:05 Fletching
46:02 Blast Furnace
Navix de los Bosques de Lituania
11:04 Feudal Age
10:55 Loom
14:43 Wheelbarrow
17:25 Double-Bit Axe
18:32 Padded Archer Armor
20:57 Forging
20:41 Fletching
20:55 Scale Mail Armor
21:00 Scale Barding Armor
22:32 Horse Collar
30:55 Castle Age
32:33 Hand Cart
33:27 Stone Mining
33:27 Gold Mining
34:29 Leather Archer Armor
34:10 Bodkin Arrow
34:38 Chain Barding Armor
34:39 Chain Mail Armor
37:26 Heavy Plow
37:40 Bow Saw
38:49 Iron Casting
37:49 Pikeman
38:29 Squires
38:17 Arson
37:59 Elite Skirmisher
38:48 Thumb Ring
40:20 Ballistics
46:03 Imperial Age
Connection lost

Rejoining the realm…

Still unreachable

The connection could not be restored.

Session expired

The server has moved on; the page needs a fresh start.